 Dungeon Crawl Stone Soup version 0.26-a0-1026-g544776af23 (webtiles) character file.

Game seed: 774283813106237114

1802 sahdkjhfkaj the Cleaver (level 9, 0/78 HPs)
             Began as a Hill Orc Fighter on Dec 9, 2020.
             Was a Believer of Beogh.
             Slain by an orc warrior
             ... wielding a +0 trident
              (15 damage)
             ... on level 6 of the Dungeon.
             The game lasted 00:05:20 (6226 turns).

sahdkjhfkaj the Cleaver (Hill Orc Fighter)          Turns: 6226, Time: 00:05:21

Health: 0/78       AC:  7    Str: 22    XL:     9   Next: 9%
Magic:  9/9        EV:  8    Int:  8    God:    Beogh [**....]
Gold:   581        SH: 16    Dex: 12    Spells: 8/8 levels left

rFire    . . .     SeeInvis .   a - +0 war axe
rCold    . . .     Faith    .   c - +0 kite shield
rNeg     . . .     Spirit   .   b - +0 scale mail
rPois    .         Reflect  +   j - +0 helmet
rElec    .         Harm     .   C - +0 cloak
rCorr    .         Rampage  .   (no gloves)
Will     .....                  (no boots)
Stlth    ..........             p - amulet of reflection
HPRegen  0.23/turn              (no ring)
MPRegen  0.11/turn              (no ring)

@: no status effects
A: agile 1, deformed body, screaming 1
a: Smiting, Renounce Religion


You were on level 6 of the Dungeon.
You worshipped Beogh.
Beogh was pleased with you.
You visited 1 branch of the dungeon, and saw 6 of its levels.
You also visited: Ossuary.

You collected 581 gold pieces.

Inventory:

Hand Weapons
 a - a +0 war axe (weapon)
Missiles
 o - 2 throwing nets (quivered) {!f}
Armour
 b - a +0 scale mail (worn)
 c - a +0 kite shield (worn)
 j - a +0 helmet (worn)
 C - a +0 cloak (worn)
Jewellery
 h - an uncursed ring of ice {unknown}
 p - an amulet of reflection (around neck)
 B - an uncursed ring of resist corrosion {unknown}
Wands
 t - a wand of enslavement (9)
Scrolls
 e - 5 scrolls of remove curse {@r2}
 g - 2 scrolls of fear
 i - a scroll of magic mapping
 l - 8 scrolls of teleportation {@r3}
 m - 2 scrolls of enchant armour
 v - a scroll of blinking {@r4}
 w - 2 scrolls of enchant weapon
 y - a scroll of noise
Potions
 d - a potion of might {@q4}
 f - a potion of mutation
 k - a potion of degeneration {unknown}
 n - 2 potions of haste {unknown}
 q - a potion of berserk rage {unknown}
 r - a potion of curing {unknown}
 s - a potion of invisibility
 u - a potion of ambrosia {unknown}
 x - a potion of brilliance {unknown}
 z - a potion of lignification {unknown}
 A - a potion of heal wounds {unknown}
 D - a potion of attraction {unknown}


   Skills:
 + Level 6.6 Fighting
 * Level 9.2 Axes
 + Level 6.0 Armour
 * Level 7.9 Shields


You had 8 spell levels left.
You didn't know any spells.
Your spell library was empty.

Dungeon Overview and Level Annotations

Branches:
Dungeon (6/15)            Ossuary (visited)
 Temple: D:4-7

Altars:
Fedhas
Hepliaklqana
Okawaru
Qazlal
Uskayaw
Zin

Annotations:
D:4 3 runed translucent doors, Aurophilus's ghost, amateur HOFi


Innate Abilities, Weirdness & Mutations

You are agile. (Dex +2)
Armour fits poorly on your strangely shaped body.
You occasionally shout uncontrollably at your foes.


Message History

The orc warrior hits you from afar with a +0 trident!
* * * LOW HITPOINT WARNING * * *
You block the orc's attack.
You barely miss the orc.
The orc is almost dead.
The orc warrior hits you from afar with a +0 trident.
* * * LOW HITPOINT WARNING * * *
You block the orc's attack.
You slash the orc!
You kill the orc!
Beogh accepts your kill. You block the orc warrior's attack.
Evoke which item? (* to show all) (? for menu, Esc to quit)
Aiming: Enslavement
Press: ? - help, Shift-Dir - straight line, f - orc warrior
Aim: an orc warrior, wielding a +0 trident and wearing a +0 plate armour (chance to affect: 46%)
The orc warrior resists with some effort.
The orc warrior hits you from afar with a +0 trident!
You die...
Beogh appreciates the orc warrior's killing of a heretic priest.

###### ####### #....#
#.....# #....#
#.....###....#
#.............
#.....###.....
####.#........
###########..>.......
#...@)ohZ......hZ....
#.##############....#
#.# #.......#######
#.# #.#####.# # #.#
#.# #.#######
#.#####.### #....#...
#.........# ####.#.##
#.........# #.#.#
#.........# #.#.#


You could see an orc warrior, a black bear and an adder skeleton.

Vanquished Creatures
  Grinder (D:5)
  Menkaure (D:6)
  Duvessa (D:5)
  2 ice beasts (D:5)
  A sky beast (D:5)
  An ogre (D:5)
  A centaur (D:5)
  Dowan (D:5)
  A scorpion (D:6)
  A howler monkey (D:6)
  2 centaur zombies (Ossuary)
  4 orc priests (D:5)
  A human zombie (Ossuary)
  A hound (D:5)
  Crazy Yiuf (D:5)
  2 jellies
  2 orc wizards
  A bullfrog skeleton (D:4)
  2 iguanas (D:5)
  3 worker ants
  3 big kobold zombies (Ossuary)
  2 mummies (Ossuary)
  A worker ant zombie (D:5)
  4 gnolls
  5 adders (D:3)
  An ooze (D:1)
  An adder skeleton (D:4)
  2 worms (D:2)
  4 dart slugs
  2 leopard geckos
  9 orcs
  6 giant cockroaches
  4 gnoll zombies (Ossuary)
  13 goblins
  5 hobgoblins
  10 jackals
  5 kobolds
  2 quokkas
  2 ball pythons
  14 bats
  4 frilled lizards
  A goblin zombie (Ossuary)
  A hobgoblin zombie (Ossuary)
  2 orc zombies (Ossuary)
  6 rats
139 creatures vanquished.

Vanquished Creatures (others)
  An orc priest (D:3)
  4 orcs (D:3)
  A ball python (D:3)
  A rat (D:3)
7 creatures vanquished.

Grand Total: 146 creatures vanquished

Notes
Turn   | Place    | Note
-------+----------+-------------------------------------------
     0 | D:1      | sahdkjhfkaj the Hill Orc Fighter began the quest for the
                  | Orb.
     0 | D:1      | Reached XP level 1. HP: 19/19 MP: 1/1
   108 | D:1      | Reached skill level 3 in Axes
   108 | D:1      | Reached XP level 2. HP: 27/27 MP: 2/2
   566 | D:1      | Reached XP level 3. HP: 31/33 MP: 3/3
  1078 | D:2      | Found a stormy altar of Qazlal.
  1261 | D:2      | Reached XP level 4. HP: 39/40 MP: 4/4
  1353 | D:2      | Reached skill level 4 in Axes
  1448 | D:2      | Found an iron altar of Okawaru.
  2010 | D:2      | Reached XP level 5. HP: 12/46 MP: 5/5
  2473 | D:3      | Found a blossoming altar of Fedhas.
  2475 | D:3      | Found a glowing silver altar of Zin.
  2497 | D:3      | Became a worshipper of Beogh the Brigand
  2960 | D:4      | Reached skill level 5 in Axes
  2988 | D:4      | Reached * piety under Beogh
  2989 | D:4      | Reached XP level 6. HP: 47/53 MP: 6/6
  3009 | D:4      | Found a sand-covered staircase.
  3015 | Ossuary  | Entered an ossuary
  3038 | Ossuary  | Reached skill level 5 in Shields
  3433 | D:4      | Found a runed translucent gate.
  3433 | D:4      | Found a runed translucent gate.
  3433 | D:4      | Noticed Aurophilus's ghost (amateur HOFi)
  3434 | D:4      | Found a runed translucent gate.
  3463 | D:4      | Reached skill level 6 in Axes
  3463 | D:4      | Reached XP level 7. HP: 60/60 MP: 7/7
  3819 | D:4      | Reached skill level 5 in Fighting
  4007 | D:5      | Entered Level 5 of the Dungeon
  4039 | D:5      | Noticed Grinder
  4039 | D:5      | Paralysed by Grinder for 6 turns
  4072 | D:5      | Gained mutation: You occasionally shout uncontrollably at
                  | your foes. [potion of mutation]
  4072 | D:5      | Gained mutation: Armour fits poorly on your strangely
                  | shaped body. [potion of mutation]
  4072 | D:5      | Gained mutation: You are agile. (Dex +2) [potion of
                  | mutation]
  4084 | D:5      | Killed Grinder
  4085 | D:5      | Reached skill level 7 in Axes
  4085 | D:5      | Reached skill level 5 in Armour
  4386 | D:5      | Reached XP level 8. HP: 66/69 MP: 8/8
  4684 | D:5      | Reached ** piety under Beogh
  4980 | D:5      | Reached skill level 8 in Axes
  5049 | D:5      | Found a hazy altar of Hepliaklqana.
  5049 | D:5      | Found a hide-covered altar of Uskayaw.
  5147 | D:5      | Found a runed translucent door.
  5148 | D:5      | Noticed Crazy Yiuf
  5153 | D:5      | Killed Crazy Yiuf
  5331 | D:5      | Noticed Dowan
  5333 | D:5      | Noticed Duvessa
  5342 | D:5      | Killed Dowan
  5353 | D:5      | Killed Duvessa
  5919 | D:6      | Noticed Menkaure
  5926 | D:6      | Killed Menkaure
  5927 | D:6      | Reached skill level 9 in Axes
  5927 | D:6      | Reached XP level 9. HP: 41/78 MP: 9/9
  6226 | D:6      | Slain by an orc warrior

Illustrated notes

Levels and vault maps discovered:
D:1:      psy_arrival_conway, layout_basic, minmay_hexomino_f4
D:2:      layout_basic, old_standard_altar, okawaru_ov_weapons_minmay
D:3:      layout_rooms, nicolae_overflow_hidden_temple
D:4:      layout_loops_ring, gammafunk_ghost_nasty_kobolds, enter_ossuary_5,
          minmay_misc_feat_ornament
D:5:      layout_layer_cave, gammafunk_temple_overflow_elements,
          uniq_crazy_yiuf_cottage, uniq_grinder, uniq_duvessa
D:6:      layout_basic, minmay_ruffians, uniq_menkaure

Skill      XL: |  1  2  3  4  5  6  7  8  9 |
---------------+----------------------------+-----
Axes           | 3 4 5 6 7 9 |  9.2
Shields        | 4 5 6 7 |  7.9
Fighting       | 4 5 6 |  6.6
Armour         | 4 5 6 |  6.0

Action                   |  1- 3 |  4- 6 |  7- 9 || total
-------------------------+-------+-------+-------++-------
Melee: War axe           |   111 |   212 |   158 ||   481
Invok: Convert to Beogh  |       |     1 |       ||     1
Evoke: Wand              |       |       |     2 ||     2
  Use: Scroll            |     4 |     1 |     3 ||     8
       Potion            |       |       |     3 ||     3
 Stab: Distracted        |       |       |     1 ||     1
Armor: Scale mail        |    61 |    86 |    30 ||   177
Dodge: Dodged            |    47 |    82 |    22 ||   151
Block: Kite shield       |    64 |   192 |   122 ||   378
       Reflection        |       |     4 |     3 ||     7

Table legend: (Time is in decaauts)
 A = Elapsed time spent in this place.
 B = Non-inter-level travel time spent in this place.
 C = Inter-level travel time spent in this place.
 D = Time resting spent in this place.
 E = Time spent auto-exploring this place.
 F = Levels seen in this place.
 G = Mean time per level.
                   A        B        C        D        E       F      G
               +--------+--------+--------+--------+--------+-----+--------+
         Total |   6375 |   6160 |    215 |    469 |   4617 |   7 |  910.7 |
       Dungeon |   5995 |   5780 |    215 |    469 |   4317 |   6 |  999.2 |
       Ossuary |    379 |    379 |      0 |      0 |    300 |   1 |  379.0 |
               +--------+--------+--------+--------+--------+-----+--------+

Top non-repeatable levels by time:
     D:5: 1919 daAuts
     D:2: 1169 daAuts
     D:1: 1046 daAuts
     D:4: 773 daAuts
     D:3: 766 daAuts
 Ossuary: 379 daAuts
     D:6: 320 daAuts
